| TOP OF THE 1ST |
|
Syracuse Chiefs batting - Pitching for Memphis Redbirds : RHP Billy McIntyre
|
|
Pitching: RHP Billy McIntyre
|
|
|
Batting: SHB Dan Castaneda
|
0-0: Ball 1-0: Called Strike 1-1: Called Strike 1-2: Ball 2-2: Ball 3-2: Strikes out swinging
|
|
Batting: RHB Dusty Ballard
|
0-0: Foul Ball, location: 2F 0-1: Ball 1-1: Ball 2-1: SINGLE (Flyball, 8LS, EV 99.4 MPH)
|
|
Batting: LHB John Luke
|
0-0: Called Strike 0-1: Foul Ball, location: 2F 0-2: Foul Ball, location: 2F 0-2: Ball 1-2: Strikes out swinging
|
|
Batting: LHB Dana McDonald
|
0-0: Ball Dusty Ballard steals 2nd base 1-0: Called Strike 1-1: Ball 2-1: Fly out, F5 (Popup, 5F, EV 65.0 MPH)
|
| Top of the 1st over - 0 runs, 1 hit, 0 errors, 1 left on base; Syracuse 0 - Memphis 0 |
| BOTTOM OF THE 1ST |
|
Memphis Redbirds batting - Pitching for Syracuse Chiefs : RHP Sam Wood
|
|
Pitching: RHP Sam Wood
|
|
|
Batting: RHB Jason Gee
|
0-0: Ball 1-0: Ball 2-0: Ball 3-0: Called Strike 3-1: Base on Balls
|
|
Batting: RHB Danny Gallo
|
0-0: Foul Ball, location: 2F 0-1: Ball 1-1: Ball 2-1: Ball 3-1: Foul Ball, location: 2F 3-2: Foul Ball, location: 2F 3-2: DOUBLE (Line Drive, 9LD, EV 97.5 MPH) Jason Gee to third Jason Gee scores
|
|
Batting: RHB Klaas Meij
|
0-0: Ball 1-0: Foul Ball, location: 2F 1-1: Foul Ball, location: 2F 1-2: Strikes out swinging
|
|
Batting: RHB Melvin Enriquez
|
0-0: Swinging Strike 0-1: Fly out, F9 (Flyball, 9D, EV 82.5 MPH) Runner from 2nd tags up, SAFE at 3rd, no throw by RF
|
|
Batting: LHB Ronnie Ashley
|
0-0: 2-RUN HOME RUN (Line Drive, 78XD, EV 102.5 MPH), Distance : 420 ft
|
|
Batting: RHB Dan Boykins
|
0-0: Ball 1-0: Ball 2-0: Ball 3-0: Base on Balls
|
|
Batting: RHB Travis Leonard
|
0-0: Ball 1-0: Ball 2-0: Ball 3-0: Called Strike 3-1: Base on Balls Dan Boykins to second
|
|
Batting: RHB John Parra
|
0-0: Ball 1-0: Foul Ball, location: 2F 1-1: Ball 2-1: Ball 3-1: Base on Balls Dan Boykins to third Travis Leonard to second
|
|
Batting: RHB Jack Power
|
0-0: Ball 1-0: Fly out, F7 (Flyball, 7, EV 86.2 MPH)
|
| Bottom of the 1st over - 3 runs, 2 hits, 0 errors, 3 left on base; Syracuse 0 - Memphis 3 |
| TOP OF THE 2ND |
|
Syracuse Chiefs batting - Pitching for Memphis Redbirds : RHP Billy McIntyre
|
|
Batting: RHB Nate Dickinson
|
0-0: Ball 1-0: Fly out, F8 (Flyball, 8LS, EV 85.0 MPH)
|
|
Batting: LHB Dillon Gonzalez
|
0-0: Ball 1-0: Foul Ball, location: 2F 1-1: Swinging Strike 1-2: Ball 2-2: Foul Ball, location: 2F 2-2: SOLO HOME RUN (Flyball, 7D, EV 95.6 MPH), Distance : 375 ft
|
|
Batting: RHB Rene Montoya
|
0-0: Swinging Strike 0-1: Foul Ball, location: 2F 0-2: Ball 1-2: Ground out 6-3 (Groundball, 6, EV 111.2 MPH)
|
|
Batting: LHB Shinji Adachi
|
0-0: Called Strike 0-1: Called Strike 0-2: Ball 1-2: Foul Ball, location: 2F 1-2: Strikes out swinging
|
| Top of the 2nd over - 1 run, 1 hit, 0 errors, 0 left on base; Syracuse 1 - Memphis 3 |
| BOTTOM OF THE 2ND |
|
Memphis Redbirds batting - Pitching for Syracuse Chiefs : RHP Sam Wood
|
|
Batting: RHB Jason Gee
|
0-0: Bunted foul 0-1: Foul Ball, location: 2F 0-2: Strikes out swinging
|
|
Batting: RHB Danny Gallo
|
0-0: Foul Ball, location: 2F 0-1: SOLO HOME RUN (Flyball, 9D, EV 96.2 MPH), Distance : 362 ft
|
|
Batting: RHB Klaas Meij
|
0-0: Ball 1-0: Ball 2-0: Swinging Strike 2-1: Ball 3-1: Base on Balls
|
|
Batting: RHB Melvin Enriquez
|
0-0: Foul Ball, location: 2F 0-1: Foul Ball, location: 2F 0-2: Ball 1-2: Ball Klaas Meij steals 2nd base 2-2: SINGLE (Groundball, 25, EV 69.4 MPH) (infield hit) Klaas Meij to third
|
|
Batting: LHB Ronnie Ashley
|
0-0: Called Strike 0-1: Ball 1-1: Swinging Strike 1-2: Ball 2-2: Ball 3-2: Strikes out swinging
|
|
Batting: RHB Dan Boykins
|
0-0: Ball 1-0: Ball 2-0: Ground out 1-3 (Groundball, 13S, EV 75.0 MPH)
|
| Bottom of the 2nd over - 1 run, 2 hits, 0 errors, 2 left on base; Syracuse 1 - Memphis 4 |
| TOP OF THE 3RD |
|
Syracuse Chiefs batting - Pitching for Memphis Redbirds : RHP Billy McIntyre
|
|
Batting: RHB Josh Lykins
|
0-0: Ground out 6-3 (Groundball, 6, EV 79.4 MPH)
|
|
Batting: SHB Dan Castaneda
|
0-0: Ball 1-0: Ball 2-0: Foul Ball, location: 2F 2-1: Called Strike 2-2: Strikes out looking
|
|
Batting: RHB Dusty Ballard
|
0-0: Swinging Strike 0-1: Ball 1-1: Foul Ball, location: 2F 1-2: Strikes out swinging
|
| Top of the 3rd over - 0 runs, 0 hits, 0 errors, 0 left on base; Syracuse 1 - Memphis 4 |
| BOTTOM OF THE 3RD |
|
Memphis Redbirds batting - Pitching for Syracuse Chiefs : RHP Sam Wood
|
|
Batting: RHB Travis Leonard
|
0-0: Ball 1-0: Foul Ball, location: 2F 1-1: Ground out 5-3 (Groundball, 56, EV 103.1 MPH)
|
|
Batting: RHB John Parra
|
0-0: Ball 1-0: Ball 2-0: Called Strike 2-1: Swinging Strike 2-2: Strikes out swinging
|
|
Batting: RHB Jack Power
|
0-0: Called Strike 0-1: Ball 1-1: Foul Ball, location: 2F 1-2: Foul Ball, location: 2F 1-2: Foul Ball, location: 2F 1-2: Foul Ball, location: 2F 1-2: Foul Ball, location: 2F 1-2: SINGLE (Groundball, 56S, EV 70.0 MPH) (infield hit)
|
|
Batting: RHB Jason Gee
|
0-0: Ball 1-0: Ball 2-0: Foul Ball, location: 2F 2-1: Ground out 4-3 (Groundball, 34, EV 106.9 MPH)
|
| Bottom of the 3rd over - 0 runs, 1 hit, 0 errors, 1 left on base; Syracuse 1 - Memphis 4 |
| TOP OF THE 4TH |
|
Syracuse Chiefs batting - Pitching for Memphis Redbirds : RHP Billy McIntyre
|
|
Batting: LHB John Luke
|
0-0: Called Strike 0-1: Ball 1-1: DOUBLE (Line Drive, 9D, EV 104.4 MPH)
|
|
Batting: LHB Dana McDonald
|
0-0: Foul Ball, location: 2F 0-1: Ball 1-1: Called Strike 1-2: Strikes out swinging
|
|
Batting: RHB Nate Dickinson
|
0-0: Swinging Strike 0-1: Ground out 6-3 (Groundball, 6M, EV 86.9 MPH) John Luke to third
|
|
Batting: LHB Dillon Gonzalez
|
0-0: Called Strike 0-1: Foul Ball, location: 2F 0-2: Strikes out swinging
|
| Top of the 4th over - 0 runs, 1 hit, 0 errors, 1 left on base; Syracuse 1 - Memphis 4 |
| BOTTOM OF THE 4TH |
|
Memphis Redbirds batting - Pitching for Syracuse Chiefs : RHP Sam Wood
|
|
Batting: RHB Danny Gallo
|
0-0: Ball 1-0: Swinging Strike 1-1: Called Strike 1-2: Ball 2-2: Ball 3-2: SINGLE (Groundball, 6MD, EV 98.1 MPH)
|
|
Batting: RHB Klaas Meij
|
0-0: Ball 1-0: Ball 2-0: Grounds into double play, 5-4-3 (Groundball, 56S, EV 85.6 MPH)
|
|
Batting: RHB Melvin Enriquez
|
0-0: Foul Ball, location: 2F 0-1: Ball 1-1: Fly out, F7 (Flyball, 7, EV 91.9 MPH)
|
| Bottom of the 4th over - 0 runs, 1 hit, 0 errors, 0 left on base; Syracuse 1 - Memphis 4 |
| TOP OF THE 5TH |
|
Syracuse Chiefs batting - Pitching for Memphis Redbirds : RHP Billy McIntyre
|
|
Batting: RHB Rene Montoya
|
0-0: Ball 1-0: Ball 2-0: Swinging Strike 2-1: Ground out U3 (Groundball, 34S, EV 89.4 MPH)
|
|
Batting: LHB Shinji Adachi
|
0-0: Foul Ball, location: 2F 0-1: SINGLE (Groundball, 56, EV 93.8 MPH)
|
|
Batting: RHB Josh Lykins
|
0-0: Called Strike 0-1: Swinging Strike 0-2: Strikes out swinging
|
|
Batting: SHB Dan Castaneda
|
0-0: Called Strike 0-1: Ground out 4-3 (Groundball, 34, EV 108.1 MPH)
|
| Top of the 5th over - 0 runs, 1 hit, 0 errors, 1 left on base; Syracuse 1 - Memphis 4 |
| BOTTOM OF THE 5TH |
|
Memphis Redbirds batting - Pitching for Syracuse Chiefs : RHP Sam Wood
|
|
Batting: LHB Ronnie Ashley
|
0-0: Swinging Strike 0-1: Ball 1-1: Ball 2-1: Foul Ball, location: 2F 2-2: Ball 3-2: Foul Ball, location: 2F 3-2: Foul Ball, location: 2F 3-2: Foul Ball, location: 2F 3-2: Foul Ball, location: 2F 3-2: Base on Balls
|
|
Pitching: LHP James Knapp
|
|
|
Batting: RHB Dan Boykins
|
0-0: Ball 1-0: Foul Ball, location: 2F 1-1: Ball 2-1: Called Strike 2-2: DOUBLE (Line Drive, 78D, EV 107.5 MPH) Ronnie Ashley to third
|
|
Batting: RHB Travis Leonard
|
0-0: DOUBLE (Line Drive, 9LS, EV 91.2 MPH) Ronnie Ashley scores Dan Boykins scores
|
|
Batting: RHB John Parra
|
0-0: Foul Ball, location: 2F 0-1: Foul Ball, location: 2F 0-2: Foul Ball, location: 2F 0-2: Ball 1-2: DOUBLE (Flyball, 8LXD, EV 106.9 MPH) Travis Leonard scores
|
|
Batting: RHB Jack Power
|
0-0: Called Strike John Parra is caught stealing 3rd base 2-5 0-1: Called Strike 0-2: Ball 1-2: Strikes out swinging
|
|
Batting: RHB Jason Gee
|
0-0: Called Strike 0-1: Ball 1-1: Swinging Strike 1-2: Ball 2-2: Strikes out swinging
|
| Bottom of the 5th over - 3 runs, 3 hits, 0 errors, 0 left on base; Syracuse 1 - Memphis 7 |
| TOP OF THE 6TH |
|
Syracuse Chiefs batting - Pitching for Memphis Redbirds : RHP Billy McIntyre
|
|
Batting: RHB Dusty Ballard
|
0-0: Ball 1-0: SINGLE (Line Drive, 6M, EV 103.1 MPH)
|
|
Batting: LHB John Luke
|
0-0: Called Strike Dusty Ballard steals 2nd base 0-1: Fly out, F8 (Flyball, 78D, EV 103.1 MPH)
|
|
Batting: LHB Dana McDonald
|
0-0: Called Strike Dusty Ballard steals 3rd base 0-1: Ground out 4-3 (Groundball, 4, EV 78.1 MPH) Dusty Ballard scores
|
|
Batting: RHB Nate Dickinson
|
0-0: Ball 1-0: Called Strike 1-1: Called Strike 1-2: SINGLE (Flyball, 8RS, EV 90.6 MPH)
|
|
Batting: LHB Dillon Gonzalez
|
0-0: Ball 1-0: Swinging Strike 1-1: Foul Ball, location: 2F 1-2: Strikes out swinging
|
| Top of the 6th over - 1 run, 2 hits, 0 errors, 1 left on base; Syracuse 2 - Memphis 7 |
| BOTTOM OF THE 6TH |
|
Memphis Redbirds batting - Pitching for Syracuse Chiefs : LHP James Knapp
|
|
Batting: RHB Danny Gallo
|
0-0: Called Strike 0-1: Fly out, F9 (Flyball, 9S, EV 80.6 MPH)
|
|
Batting: RHB Klaas Meij
|
0-0: Swinging Strike 0-1: Fly out, F9 (Line Drive, 9LS, EV 90.6 MPH)
|
|
Batting: RHB Melvin Enriquez
|
0-0: Ball 1-0: Fly out, F8 (Flyball, 8LXD, EV 88.8 MPH)
|
| Bottom of the 6th over - 0 runs, 0 hits, 0 errors, 0 left on base; Syracuse 2 - Memphis 7 |
| TOP OF THE 7TH |
|
Syracuse Chiefs batting - Pitching for Memphis Redbirds : RHP Billy McIntyre
|
|
Batting: RHB Rene Montoya
|
0-0: Ground out 6-3 (Groundball, 56D, EV 105.6 MPH)
|
|
Batting: LHB Shinji Adachi
|
0-0: Ball 1-0: Ball 2-0: Ground out 1-3 (Groundball, 34S, EV 67.5 MPH)
|
|
Batting: RHB Josh Lykins
|
0-0: Swinging Strike 0-1: Foul Ball, location: 2F 0-2: Foul Ball, location: 2F 0-2: Ball 1-2: Strikes out swinging
|
| Top of the 7th over - 0 runs, 0 hits, 0 errors, 0 left on base; Syracuse 2 - Memphis 7 |
| BOTTOM OF THE 7TH |
|
Memphis Redbirds batting - Pitching for Syracuse Chiefs : LHP James Knapp
|
|
Batting: LHB Ronnie Ashley
|
0-0: Ball 1-0: Ground out 5-3 (Groundball, 5, EV 100.0 MPH)
|
|
Batting: RHB Dan Boykins
|
0-0: Called Strike 0-1: Ball 1-1: Swinging Strike 1-2: Strikes out looking
|
|
Pitching: LHP Jose Torres
|
|
|
Batting: RHB Travis Leonard
|
0-0: Swinging Strike 0-1: Swinging Strike 0-2: Strikes out swinging
|
| Bottom of the 7th over - 0 runs, 0 hits, 0 errors, 0 left on base; Syracuse 2 - Memphis 7 |
| TOP OF THE 8TH |
|
Syracuse Chiefs batting - Pitching for Memphis Redbirds : RHP Billy McIntyre
|
|
Batting: SHB Dan Castaneda
|
0-0: Swinging Strike 0-1: Foul Ball, location: 2F 0-2: Ball 1-2: Strikes out swinging
|
|
Batting: RHB Dusty Ballard
|
0-0: Ball 1-0: Ball 2-0: SOLO HOME RUN (Flyball, 9D, EV 93.8 MPH), Distance : 362 ft
|
|
Batting: LHB John Luke
|
0-0: Called Strike 0-1: SINGLE (Line Drive, 7LS, EV 106.9 MPH)
|
|
Batting: LHB Dana McDonald
|
0-0: Ball 1-0: Called Strike 1-1: Ground out 4-3 (Groundball, 34D, EV 103.1 MPH) John Luke to second
|
|
Batting: RHB Nate Dickinson
|
0-0: Ball 1-0: Foul Ball, location: 2F 1-1: Ball 2-1: Swinging Strike 2-2: Ball 3-2: Foul Ball, location: 2F 3-2: Foul Ball, location: 2F 3-2: Ground out 6-3 (Groundball, 6, EV 79.4 MPH)
|
| Top of the 8th over - 1 run, 2 hits, 0 errors, 1 left on base; Syracuse 3 - Memphis 7 |
| BOTTOM OF THE 8TH |
|
Memphis Redbirds batting - Pitching for Syracuse Chiefs : LHP Jose Torres
|
|
Batting: RHB John Parra
|
0-0: Ball 1-0: Ball 2-0: Ball 3-0: Foul Ball, location: 2F 3-1: Foul Ball, location: 2F 3-2: Base on Balls
|
|
Batting: RHB Jack Power
|
0-0: Ball 1-0: Ball 2-0: Ball 3-0: Base on Balls John Parra to second
|
|
Batting: RHB Jason Gee
|
0-0: Bunted foul 0-1: Bunt missed! 0-2: Ball 1-2: Foul Ball, location: 2F 1-2: Foul Ball, location: 2F 1-2: Fielders Choice at 2nd, 3-6 (Groundball, 34, EV 101.9 MPH) John Parra to third
|
|
Batting: RHB Danny Gallo
|
0-0: Called Strike 0-1: Ball 1-1: Ball 2-1: Ball 3-1: Base on Balls Jason Gee to second
|
|
Batting: RHB Klaas Meij
|
0-0: Ball 1-0: Fly out, F3 (Popup, 3S, EV 84.4 MPH)
|
|
Batting: RHB Melvin Enriquez
|
0-0: Fielders Choice at 2nd, U6 (Groundball, 6M, EV 101.2 MPH)
|
| Bottom of the 8th over - 0 runs, 0 hits, 0 errors, 3 left on base; Syracuse 3 - Memphis 7 |
| TOP OF THE 9TH |
|
Syracuse Chiefs batting - Pitching for Memphis Redbirds : RHP Billy McIntyre
|
|
Batting: LHB Dillon Gonzalez
|
0-0: Ball 1-0: Foul Ball, location: 2F 1-1: SINGLE (Line Drive, 34D, EV 96.9 MPH)
|
|
Pitching: RHP Jim Vickers
|
|
|
Batting: RHB Rene Montoya
|
0-0: Foul Ball, location: 2F 0-1: Foul Ball, location: 2F 0-2: Ball 1-2: SINGLE (Line Drive, 3D, EV 100.0 MPH) Dillon Gonzalez to second
|
|
Pitching: RHP Brian Sanderson
|
|
|
Batting: LHB Shinji Adachi
|
0-0: Ball 1-0: Fly out, F9 (Flyball, 9, EV 94.4 MPH)
|
|
Pinch Hitting: SHB Alex Ethridge
|
0-0: Called Strike 0-1: Fielders Choice at 2nd, 4-6 (Groundball, 4D, EV 84.4 MPH) Dillon Gonzalez to third
|
|
Batting: SHB Dan Castaneda
|
0-0: Fly out, F8 (Flyball, 8LM, EV 87.5 MPH)
|
| Top of the 9th over - 0 runs, 2 hits, 0 errors, 2 left on base; Syracuse 3 - Memphis 7 |
|